 Dungeon Crawl Stone Soup version 0.29-a0-330-g52719c12eb (webtiles) character file.

Game seed: 14539858998542133891

649 benco the Ruffian (level 7, -4/60 HPs)
             Began as a Ghoul Monk on May 15, 2022.
             Slain by a lemure (6 damage)
             ... led by Pikel
             ... on level 4 of the Dungeon.
             The game lasted 00:19:30 (3455 turns).

benco the Ruffian (Ghoul Monk)                      Turns: 3455, Time: 00:19:30

Health: -4/60      AC: 10    Str: 23    XL:     7   Next: 53%
Magic:  0/6        EV: 12    Int:  5    God:
Gold:   247        SH:  0    Dex: 11    Spells: 6/6 levels left

rFire   + . .      SeeInvis .     - Unarmed
rCold   + + .      Faith    .   (no shield)
rNeg    + + +      Spirit   +   g - +0 ring mail
rPois   ∞          Reflect  .   w - +2 helmet
rElec   .          Harm     .   i - scarf {rC+ rF+}
rCorr   .          Rampage  .   (no gloves)
Will    +....                   q - +0 pair of boots
Stlth   +.........              v - amulet of guardian spirit
HPRegen 0.00/turn               s - ring of willpower
MPRegen 0.10/turn               u - +6 ring of strength

@: brilliant, attractive, inhibited regen
A: claws 1, cold resistance 1, negative energy resistance 3, inhibited
regeneration, torment resistance 2, devour on kill
a: no special abilities


You were on level 4 of the Dungeon.
You visited 1 branch of the dungeon, and saw 5 of its levels.

You collected 247 gold pieces.

Inventory:

Hand Weapons
 m - a +3 hunting sling
Missiles
 o - 64 stones (quivered)
 r - 6 poisoned darts
Armour
 a - a +0 robe
 g - a +0 ring mail (worn)
 i - a scarf of resistance (worn)
 q - a +0 pair of boots (worn)
 w - a +2 helmet (worn)
Jewellery
 n - a ring of ice
 s - a ring of willpower (left claw)
 u - a +6 ring of strength (right claw)
 v - an amulet of guardian spirit (around neck)
Wands
 j - a wand of flame (6)
Scrolls
 c - 3 scrolls of identify
 d - 2 scrolls of noise
 e - a scroll of vulnerability {unknown}
 f - a scroll of magic mapping {unknown}
 h - a scroll of teleportation {unknown}
 l - 2 scrolls of amnesia {unknown}
 t - a scroll of holy word {unknown}
Potions
 b - a potion of ambrosia


   Skills:
 + Level 4.5 Fighting
 + Level 3.5 Armour
 + Level 4.3 Dodging
 + Level 2.7 Stealth
 - Level 6.0 Unarmed Combat


You had 6 spell levels left.
You didn't know any spells.
Your spell library was empty.

Dungeon Overview and Level Annotations

Branches:
Dungeon (5/15)
 Temple: D:4-7

Altars:

Shops:
D:1 (

Annotations:
D:4 3 runed translucent doors, Menkaure; Pikel; robertstho's ghost, novice DjFE


Innate Abilities, Weirdness & Mutations

You are immune to poison.
You have sharp fingernails.
Your flesh is cold resistant. (rC+)
You are immune to negative energy. (rN+++)
You do not regenerate when monsters are visible.
You are immune to unholy pain and torment.
You thrive by killing the living.


Message History

The gnoll sergeant hits you from afar with a +0 trident.
* * * LOW HITPOINT WARNING * * *
The gnoll attacks as you move away! The gnoll hits you but does no damage.
The gnoll attacks as you move away! The gnoll completely misses you.
The gnoll attacks as you move away! The gnoll closely misses you.
The gnoll attacks as you move away! The gnoll hits you with a +0 flail!
* * * LOW HITPOINT WARNING * * *
It was a potion of attraction.
You feel attractive to monsters. The gnoll closely misses you.
The gnoll attacks as you move away! The gnoll barely misses you.
The gnoll attacks as you move away! The gnoll barely misses you.
The gnoll is attracted toward you. x2
The gnoll sergeant is attracted toward you.
There is a stone staircase leading up here.
The gnoll closely misses you.
The gnoll hits you but does no damage. x2
You climb upwards.
Level annotation: 3 runed translucent doors, Menkaure; Pikel; robertstho's ghost, novice DjFE The lemure shouts!
The lemure is attracted toward you.
Found a scroll labelled ENNITE FUNEX and 13 gold pieces.
There is a stone staircase leading down here.
The gnoll attacks as you move away! The gnoll misses you.
Found 20 stones.
The gnoll hits you with a +0 club.
* * * LOW HITPOINT WARNING * * *
The gnoll attacks as you move away! The gnoll hits you with a +0 club.
* * * LOW HITPOINT WARNING * * *
The gnoll throws a throwing net.
The throwing net closely misses you. The lemure is attracted toward you.
You see here 13 gold pieces.
The gnoll attacks as you move away! The gnoll hits you but does no damage.
The lemure is attracted toward you.
Okay, then.
As you read the scroll labelled ENNITE FUNEX, it crumbles to dust.
It is a scroll of identify.
d - 2 scrolls of noise The gnoll hits you with a +0 flail.
* * * LOW HITPOINT WARNING * * *
The lemure hits you!
You die...

...##...# #..........# #5#
...##...# ####.>....# #5#
...##...# ....#......## #.#
...#....#####.##.?....##
...#........#.##.......#
............#.#....§....
.#.#........#.#.5..#.#.#
............# #gg5......
.#.#........# ##@..#.#.#
............# #........
.#.#........# #...#(#.#. ##+#
.............. #.........'####...
.#.#...#.......#......'.....#....
.......#.......#.......#####.....
#####..#.......#.................
.......#.#.... #.....#########...
.......# .... ............#.


You could see 2 lemures and 2 gnolls.

Vanquished Creatures
  A water moccasin (D:5)
  A black bear (D:5)
  A scorpion (D:5)
  A howler monkey (D:4)
  3 hounds (D:5)
  An orc priest (D:3)
  An orc wizard (D:4)
  3 iguanas
  Robin (D:3)
  4 gnolls (D:5)
  2 adders (D:5)
  A worm (D:2)
  A dart slug (D:3)
  5 orcs
  2 ball pythons
  3 bats
  6 endoplasms
  18 goblins
  3 hobgoblins
  4 quokkas
  4 frilled lizards
  2 kobolds
  2 rats
70 creatures vanquished.

Vanquished Creatures (others)
  2 fungi (D:4)
  3 plants
5 creatures vanquished.

Grand Total: 75 creatures vanquished

Notes
Turn   | Place    | Note
-------+----------+-------------------------------------------
     0 | D:1      | benco the Ghoul Monk began the quest for the Orb.
     0 | D:1      | Reached XP level 1. HP: 19/19 MP: 0/0
   127 | D:1      | Found Qaxelerch's Antique Weapon Shoppe.
   670 | D:2      | Reached XP level 2. HP: 26/26 MP: 1/1
  1254 | D:2      | Reached skill level 4 in Unarmed Combat
  1254 | D:2      | Reached XP level 3. HP: 23/33 MP: 2/2
  1697 | D:3      | Reached XP level 4. HP: 40/40 MP: 3/3
  1703 | D:3      | Noticed Robin
  1739 | D:3      | Killed Robin
  2033 | D:3      | Reached skill level 5 in Unarmed Combat
  2045 | D:3      | Reached XP level 5. HP: 44/46 MP: 4/4
  2400 | D:4      | Found a runed translucent gate.
  2400 | D:4      | Noticed a kobold brigand
  2402 | D:4      | Found a runed translucent gate.
  2437 | D:4      | Found a runed translucent gate.
  2513 | D:4      | Noticed a black bear
  2557 | D:4      | Noticed robertstho's ghost (novice DjFE)
  2646 | D:4      | Reached skill level 6 in Unarmed Combat
  2783 | D:4      | Noticed Menkaure
  2834 | D:4      | Noticed Pikel
  2835 | D:4      | Noticed a lemure
  2837 | D:4      | Noticed a lemure
  2865 | D:5      | Entered Level 5 of the Dungeon
  2919 | D:5      | Reached skill level 1 in Armour
  2919 | D:5      | Reached XP level 6. HP: 49/52 MP: 5/5
  3349 | D:5      | Noticed a water moccasin
  3379 | D:5      | Killed a water moccasin
  3380 | D:5      | Reached XP level 7. HP: 50/60 MP: 4/6
  3455 | D:4      | HP: 2/60 [gnoll/+0 flail (2)]
  3455 | D:4      | Slain by a lemure

Illustrated notes

Levels and vault maps discovered:
D:1:      noname_arrival_rooms_in_the_neighbourhood, layout_rooms, serial_shops,
          nicolae_shop_overgrown_old_shop
D:2:      layout_rooms
D:3:      layout_basic, minmay_misc_feat_columns, uniq_robin
D:4:      layout_gridville, serial_co_window_serial, co_window_corner_a,
          co_window_corner_a, co_window_corner_a, co_window_corner_a,
          co_window_cross_1, co_window_paths_b, co_window_paths_b,
          co_window_paths_a, co_window_cross_1, co_window_unsneaky_path_e,
          co_window_cross_4, co_window_corner_ca, co_window_paths_c,
          co_window_corner_b, co_window_paths_e, co_window_4corner_a,
          glass_columns_c, glass_columns_b, glass_columns_c,
          gammafunk_ghost_nasty_kobolds, uniq_pikel, uniq_menkaure
D:5:      layout_basic, kennysheep_generic_room_13

Skill      XL: |  1  2  3  4  5  6 |
---------------+-------------------+-----
Dodging        | 3 4 |  4.3
Unarmed Combat | 4 5 6 |  6.0
Fighting       | 4 |  4.5
Armour         | 1 3 |  3.5
Stealth        | |  2.7

Action                   |  1- 3 |  4- 6 |  7- 9 || total
-------------------------+-------+-------+-------++-------
Melee: Unarmed           |    72 |   151 |     7 ||   230
       Punch             |     2 |     3 |     2 ||     7
Throw: Stone             |       |     1 |       ||     1
  Use: Potion            |     1 |     1 |     2 ||     4
       Scroll            |       |       |     1 ||     1
 Stab: Distracted        |     1 |       |       ||     1
Armor: Ring mail         |    40 |    56 |    14 ||   110
Dodge: Dodged            |    62 |    70 |    18 ||   150

Table legend: (Time is in decaauts)
 A = Elapsed time spent in this place.
 B = Non-inter-level travel time spent in this place.
 C = Inter-level travel time spent in this place.
 D = Time resting spent in this place.
 E = Time spent auto-exploring this place.
 F = Levels seen in this place.
 G = Mean time per level.
                   A        B        C        D        E       F      G
               +--------+--------+--------+--------+--------+-----+--------+
         Total |   3433 |   3433 |      0 |    601 |   1090 |   5 |  686.6 |
       Dungeon |   3433 |   3433 |      0 |    601 |   1090 |   5 |  686.6 |
               +--------+--------+--------+--------+--------+-----+--------+

Top non-repeatable levels by time:
     D:2: 867 daAuts
     D:3: 832 daAuts
     D:1: 644 daAuts
     D:5: 573 daAuts
     D:4: 515 daAuts
